 Dungeon Crawl Stone Soup version 0.30.1-3-gfc49f6343a (webtiles) character file.

Game seed: 224703154187464318

5443 jurchenman the Fighter (level 10, -2/91 HPs)
             Began as a Minotaur Fighter on Aug 3, 2023.
             Was a Believer of Makhleb.
             Killed from afar by an electric eel (11 damage)
             ... with a bolt of electricity
             ... in a bailey.
             The game lasted 00:18:38 (8476 turns).

jurchenman the Fighter (Minotaur Fighter)           Turns: 8476, Time: 00:18:39

Health: -2/91      AC: 19    Str: 25    XL:     10   Next: 41%
Magic:  13/13      EV:  7    Int: 11    God:    Makhleb [**....]
Gold:   612        SH:  5    Dex: 10    Spells: 9/9 levels left

rFire   . . .        a - +1 war axe (heavy)
rCold   . . .        c - +0 buckler
rNeg    . . .        I - +0 plate armour
rPois   +            (helmet restricted)
rElec   .            B - +2 cloak {rPois}
rCorr   .            (no gloves)
SInv    .            w - +0 pair of boots
Will    .....        (no amulet) Stlth
                     v - +6 ring of intelligence
HPRegen 0.35/turn    (no ring)
MPRegen 0.13/turn

%: no passive effects
@: no status effects
A: horns 2, retaliatory headbutt
a: Renounce Religion, Minor Destruction


You were in a bailey.
You worshipped Makhleb.
Makhleb was pleased with you.
You visited 2 branches of the dungeon, and saw 10 of its levels.
You also visited: Sewer and Bailey.

You collected 612 gold pieces.

Inventory:

Hand Weapons
 a - a +1 heavy war axe (weapon)
 i - a +0 sling
 C - a +0 battleaxe of freezing
 H - a +3 hand axe
Missiles
 f - 9 poisoned darts
 h - 128 stones
 l - a javelin
 q - 14 boomerangs (quivered)
Armour
 b - a +0 scale mail
 c - a +0 buckler (worn)
 j - a +1 cloak
 k - a +0 chain mail
 r - a +1 scale mail of cold resistance
 w - a +0 pair of boots (worn)
 y - a +0 kite shield
 B - a +2 cloak of poison resistance (worn)
 I - a +0 plate armour (worn)
Jewellery
 v - a +6 ring of intelligence (left hand)
 x - a ring of ice
Wands
 F - a wand of mindburst (6)
Scrolls
 m - 5 scrolls of teleportation
 p - a scroll of fear
 t - a scroll of fog
 u - a scroll of blinking
 D - a scroll of poison
 E - a scroll of enchant armour
Potions
 d - a potion of might
 e - a potion of haste
 g - 4 potions of brilliance
 n - 2 potions of invisibility
 o - 2 potions of heal wounds
 s - a potion of magic {unknown}
 z - a potion of lignification {unknown}
 A - 2 potions of curing
 G - a potion of cancellation {unknown}


   Skills:
 + Level 9.2 Fighting
 + Level 8.7 Axes
 + Level 6.8 Throwing
 + Level 9.2 Armour
 - Level 6.3 Shields
 + Level 5.3 Invocations


You had 9 spell levels left.
You didn't know any spells.
Your spell library contained the following spells:

 Spells                   Type           Power      Damage    Failure   Level
 Apportation              Tloc           0%         N/A       99%         1
 Freeze                   Ice            0%         1d3       99%         1
 Necrotise                Necr           0%         1d4       99%         1
 Slow                     Hex            0%         N/A       99%         1
 Sting                    Tmut/Pois      0%         1d3       99%         1
 Summon Small Mammal      Summ           0%         N/A       99%         1
 Poisonous Vapours        Pois/Air       0%         N/A       100%        2
 Confusing Touch          Hex            0%         N/A       100%        3
 Frozen Ramparts          Ice            0%         1d1       100%        3
 Hailstorm                Conj/Ice       0%         3d3       100%        3
 Ozocubu's Armour         Ice            0%         N/A       100%        3
 Vampiric Draining        Necr           0%         2d6       100%        3
 Olgreb's Toxic Radiance  Pois           0%         N/A       100%        4
 Metabolic Englaciation   Hex/Ice        0%         N/A       100%        5
 Simulacrum               Ice/Necr       0%         N/A       100%        6


Dungeon Overview and Level Annotations

Branches:
Dungeon (9/15)             Temple (1/1) D:7           Sewer (visited)
 Bailey (1/1)
   Lair: D:8-11         Orc: D:9-12

Altars:
Ashenzari
Cheibriados
Dithmenos
Gozag
Kikubaaqudgha
Makhleb
Nemelex Xobeh
Qazlal
Ru
Sif Muna
Trog
Uskayaw
Vehumet
Wu Jian
Xom
Yredelemnul
The Shining One

Annotations:
D:4 2 transporters, sampeng1's ghost, amateur HuWn


Innate Abilities, Weirdness & Mutations

You have a pair of horns on your head.
You reflexively headbutt those who attack you in melee.


Message History

The bolt of electricity hits the electric eel.
The electric eel completely resists.
The hobgoblin hits you with a +0 hand axe.
You closely miss the hobgoblin. The hobgoblin barely misses you.
You furiously retaliate!
You headbutt the hobgoblin!
You kill the hobgoblin!
Makhleb accepts your kill.
You slash the electric eel!
The electric eel is heavily wounded.
The electric eel shoots out a bolt of lightning at you!
The bolt of electricity hits you! The bolt of electricity hits you.
The bolt of electricity misses the electric eel.
You closely miss the electric eel. Your headbutt misses the electric eel.
The electric eel is heavily wounded.
The electric eel shoots out a bolt of lightning at you!
The bolt of electricity misses you.
The bolt of electricity hits you but does no damage.
The bolt of electricity hits the electric eel.
The electric eel completely resists.
The electric eel shoots out a bolt of lightning at you!
The bolt of electricity hits you!
* * * LOW HITPOINT WARNING * * *
The bolt of electricity misses you.
The bolt of electricity hits the electric eel.
The electric eel completely resists.
You hit the electric eel.
The electric eel is heavily wounded.
Unknown command.
You barely miss the electric eel. Your headbutt misses the electric eel.
The electric eel is heavily wounded.
The electric eel shoots out a bolt of lightning at you!
The bolt of electricity hits you.
* * * LOW HITPOINT WARNING * * *
The bolt of electricity hits you!
* * * LOW HITPOINT WARNING * * *
The bolt of electricity hits the electric eel.
The electric eel completely resists.
The electric eel shoots out a bolt of lightning at you!
The bolt of electricity hits you!
You die...

≈≈≈≈≈≈≈...≈≈≈≈≈
≈≈≈≈≈≈≈...≈≈≈≈≈ ≈≈≈≈
###~~~~...~~~~# ≈≈≈≈≈
..#...........#
≈≈≈≈≈≈###..#####'''#####
≈≈≈≈≈≈#... #..'.....+
≈≈≈≈≈≈#.. #..).....+
≈≈≈≈≈≈#)####..#..⌠..#
≈≈≈≈≈≈S@#.....#.....#
≈≈≈≈≈≈~.#.8)..#.....#
≈≈≈≈≈≈~.#.....#######
≈≈≈≈≈≈~.#.8####
≈≈≈≈≈≈~.#..#
≈≈≈≈≈≈~.#.8#
≈≈≈≈≈≈~.#).#
≈≈≈≈≈≈~.##)#
≈≈≈≈≈≈~.#..#


You could see an electric eel.

Vanquished Creatures
  An orc sorcerer (Bailey)
  Psyche (D:8)
  A hornet (D:9)
  6 yaks (D:9)
  A steam dragon (D:9)
  4 water moccasins
  2 ice beasts (D:7)
  7 orc warriors
  A black bear (D:7)
  4 ogres
  3 centaurs
  2 phantoms
  2 kobold brigands
  3 bullfrogs
  A scorpion (D:5)
  9 wights
  A howler monkey (D:7)
  An electric eel (Bailey)
  2 jellies
  4 hounds
  3 orc priests
  2 sleepcaps
  3 orc wizards
  A gnoll (D:1)
  2 river rats (Sewer)
  7 adders
  A shadow imp (D:4)
  A white imp (D:7)
  2 ufetubi
  3 worms
  4 dart slugs
  13 orcs
  6 endoplasms
  5 giant cockroaches
  8 goblins
  11 hobgoblins
  8 jackals
  6 quokkas
  8 ball pythons
  A bat (D:1)
  4 frilled lizards
  14 kobolds
  15 rats
  A spectral orc (D:4)
185 creatures vanquished.

Notes
Turn   | Place    | Note
-------+----------+-------------------------------------------
     0 | D:1      | jurchenman the Minotaur Fighter began the quest for the
                  | Orb.
     0 | D:1      | Reached XP level 1. HP: 19/19 MP: 0/0
    85 | D:1      | Reached XP level 2. HP: 21/27 MP: 1/1
   891 | D:2      | Found a faded altar of an unknown god.
   899 | D:2      | Reached XP level 3. HP: 33/33 MP: 2/2
  1037 | D:2      | Reached skill level 1 in Throwing
  2045 | D:4      | Found the +6 shillelagh "Devastator" {shatter}
  2046 | D:4      | Noticed an ogre
  2051 | D:4      | Killed an ogre
  2052 | D:4      | Reached XP level 4. HP: 39/41 MP: 3/3
  2052 | D:4      | Reached XP level 5. HP: 44/47 MP: 4/4
  2155 | D:4      | Found a transporter.
  2162 | D:4      | Noticed sampeng1's ghost (amateur HuWn)
  2193 | D:4      | Noticed a centaur
  2201 | D:4      | Killed a centaur
  2307 | D:4      | Found a transporter.
  2329 | D:4      | Reached XP level 6. HP: 50/55 MP: 5/5
  2496 | D:4      | Found a basalt altar of Yredelemnul.
  2550 | D:4      | Found a broken altar of Ashenzari.
  2928 | D:5      | Entered Level 5 of the Dungeon
  2965 | D:5      | Reached skill level 5 in Fighting
  2965 | D:5      | Reached skill level 5 in Armour
  2965 | D:5      | Reached skill level 5 in Shields
  3066 | D:5      | Found a glowing drain.
  3070 | Sewer    | Entered a sewer
  3139 | Sewer    | Reached XP level 7. HP: 57/61 MP: 6/6
  4144 | D:6      | Found an opulent altar of Gozag.
  4354 | D:6      | Reached skill level 5 in Axes
  4531 | D:6      | Found an ornate altar of the Wu Jian Council.
  4560 | D:6      | Found an ancient bone altar of Kikubaaqudgha.
  5138 | D:6      | Reached XP level 8. HP: 70/70 MP: 7/7
  5247 | D:7      | Found a staircase to the Ecumenical Temple.
  5259 | Temple   | Entered the Ecumenical Temple
  5287 | Temple   | Became a worshipper of Makhleb the Destroyer
  5370 | D:7      | Reached skill level 1 in Invocations
  6095 | D:7      | Found a stormy altar of Qazlal.
  6101 | D:7      | Found a radiant altar of Vehumet.
  6107 | D:7      | Found a shadowy altar of Dithmenos.
  6423 | D:8      | Reached skill level 5 in Throwing
  6423 | D:8      | Reached XP level 9. HP: 70/79 MP: 8/10
  6538 | D:8      | Reached * piety under Makhleb
  6681 | D:8      | Found a sacrificial altar of Ru.
  7003 | D:8      | Noticed Psyche
  7009 | D:8      | Killed Psyche
  7196 | D:8      | Found a sparkling altar of Nemelex Xobeh.
  7937 | D:9      | Reached XP level 10. HP: 43/90 MP: 12/12
  7985 | D:9      | Found a flagged portal.
  7987 | D:9      | Reached ** piety under Makhleb
  7997 | Bailey   | Entered a bailey
  8159 | Bailey   | Reached skill level 5 in Invocations
  8382 | Bailey   | Noticed an orc sorcerer
  8391 | Bailey   | Killed an orc sorcerer
  8476 | Bailey   | Killed from afar by an electric eel

Illustrated notes

Levels and vault maps discovered:
D:1:      dpeg_arrival_simpleton_b, layout_loops_ring
D:2:      layout_loops_corners, ebering_ecumenical_altar_ruins
D:3:      layout_rooms
D:4:      layout_loops_cross, mainiacjoe_overflow_alcove_1,
          yredelemnul_forgotten_temple_becter, gammafunk_ghost_arena,
          dilly_guarded_unrand_devastator
D:5:      layout_basic, gup_sewer_entry_bowl
D:6:      layout_cave_pools, grunt_gozag_breadcrumbs,
          mainiacjoe_overflow_two_lobes, lemuel_flame_loot_1
D:7:      layout_loops_corners, minmay_overflow_temple_star_quad,
          minmay_temple_entry_overgrown
D:8:      layout_basic, mainiacjoe_overflow_concentric_impassable,
          mainiacjoe_overflow_brackets, grunt_ministairs_8, uniq_psyche
D:9:      layout_loops_ring, enter_bailey_3
Temple:   nicolae_temple_hex_pool
Bailey:   bailey_axe_of_yendor_kennysheep, bailey

Skill      XL: |  1  2  3  4  5  6  7  8  9 10 |
---------------+-------------------------------+-----
Shields        | 4 5 6 |  6.3
Fighting       | 4 5 6 7 8 9 |  9.2
Armour         | 4 5 6 7 8 9 |  9.2
Axes           | 3 4 5 6 8 |  8.7
Throwing       | 1 2 3 5 6 |  6.8
Invocations    | 2 4 5 |  5.3

Action                     |  1- 3 |  4- 6 |  7- 9 | 10-12 || total
---------------------------+-------+-------+-------+-------++-------
  Melee: War axe           |    75 |    62 |   180 |    45 ||   362
         Headbutt          |    10 |     6 |    33 |     8 ||    57
  Throw: Dart              |     3 |       |     2 |       ||     5
         Stone             |     2 |     4 |     4 |       ||    10
         Boomerang         |       |       |    26 |     2 ||    28
         Javelin           |       |       |     2 |       ||     2
 Invoke: Minor Destruction |       |       |       |     6 ||     6
    Use: Scroll            |     9 |     6 |     6 |       ||    21
         Potion            |     1 |       |       |     1 ||     2
 Armour: Scale mail        |     7 |    40 |   133 |     9 ||   189
         Chain mail        |    36 |       |       |       ||    36
         Plate armour      |       |       |       |    11 ||    11
  Dodge: Dodged            |    43 |    41 |   114 |    20 ||   218
  Block: Buckler           |    23 |    16 |    52 |     7 ||    98
